 Dungeon Crawl Stone Soup version 0.24-a0-290-gbb66a67 (webtiles) character file.

Game seed: 5038478175816323903

42 MisterFreud the Slasher (level 3, 0/26 HPs)
             Began as an Octopode Fighter on May 8, 2019.
             Slain by an adder (3 damage)
             ... on level 2 of the Dungeon.
             The game lasted 00:01:11 (687 turns).

MisterFreud the Slasher (Octopode Fighter)           Turns: 687, Time: 00:01:12

Health: 0/26       AC:  1    Str: 15    XL:     3   Next: 56%
Magic:  3/3        EV: 11    Int: 11    God:
Gold:   38         SH:  8    Dex: 11    Spells: 2/2 levels left

rFire    . . .     SeeInvis .   a - +0 long sword
rCold    . . .     Gourm    .   b - +0 shield
rNeg     . . .     Faith    .   (helmet restricted)
rPois    .         Spirit   .   (no amulet)
rElec    .         Reflect  .   (no ring)
rCorr    .         Harm     .   (no ring)
MR       .....                  (no ring)
Stlth    ++........             (no ring)
HPRegen  0.08/turn              (no ring)
MPRegen  0.08/turn              (no ring)
                                (no ring)
                                (no ring)

@: no status effects
A: almost no armour, stealthy swim, amphibious, 8 rings, constrict 8, camouflage
1, gelatinous body 1
a: no special abilities


You were on level 2 of the Dungeon.
You were not hungry.

You visited 1 branch of the dungeon, and saw 2 of its levels.

You collected 38 gold pieces.

Inventory:

Hand Weapons
 a - a +0 long sword (weapon)
Missiles
 h - 27 stones (quivered)
 l - 28 poisoned needles
 m - 11 sling bullets
Armour
 b - a +0 shield (worn)
 p - a +0 large shield
Scrolls
 g - a scroll of magic mapping {unknown}
 o - a scroll of teleportation {unknown}
Potions
 c - 3 potions of might
 e - a potion of heal wounds {unknown}
 f - a potion of lignification {unknown}
 i - 2 potions of mutation {unknown}
 j - a potion of agility {unknown}
 n - a potion of berserk rage {unknown}
Comestibles
 d - 4 rations
 k - 2 chunks of flesh


   Skills:
 - Level 3.0 Fighting
 + Level 3.8 Long Blades
 - Level 3.0 Dodging
 - Level 3.0 Shields


You had 2 spell levels left.
You didn't know any spells.
Your spell library was empty.

Dungeon Overview and Level Annotations

Branches:
Dungeon (2/15)

Altars:


Innate Abilities, Weirdness & Mutations

You cannot wear most types of armour.
You are very stealthy in the water. (Stealth+)
You are amphibious.
You can wear up to eight rings at the same time.
You can use your tentacles to constrict eight enemies at once.
Your skin changes colour to match your surroundings (Stealth+).
Your rubbery body absorbs attacks. (AC +1, EV +1)


Message History

You constrict the kobold.
You kill the kobold!
Your shield prevents you from hitting the worm.
Your grab misses the worm.
The worm is moderately wounded.
The worm bites you.
You hit the worm. You grab the worm. You squeeze the worm.
The worm is severely wounded.
You constrict the worm. You hit the worm but do no damage.
The worm is severely wounded.
You constrict the worm. The worm bites you!
* * * LOW HITPOINT WARNING * * *
You hit the worm.
The worm is almost dead.
You constrict the worm.
You kill the worm!
The adder closely misses you.
You miss the adder. Your grab misses the adder. The adder bites you.
You die...

#..# #..# . #..###
.. #.(.. .# #...# .#
#.#####...#.#
....K.......#
####?.# #@S.).#
#.###!# #.# #.# b.#
#.# #.# #.. #.# #..
..# #.# ### #.. #.#
#.# #.# #.#
########.#######.###


You could see an adder.

Vanquished Creatures
  A worm (D:2)
  A leopard gecko (D:2)
  A ball python (D:1)
  8 bats
  2 giant cockroaches (D:1)
  4 goblins
  5 hobgoblins
  4 jackals (D:1)
  3 kobolds
  3 rats (D:1)
32 creatures vanquished.

Notes
Turn   | Place    | Note
-------+----------+-------------------------------------------
     0 | D:1      | MisterFreud the Octopode Fighter began the quest for the
                  | Orb.
     0 | D:1      | Reached XP level 1. HP: 16/16 MP: 1/1
    54 | D:1      | Reached XP level 2. HP: 21/21 MP: 2/2
   437 | D:1      | Reached XP level 3. HP: 23/26 MP: 3/3
   687 | D:2      | Slain by an adder

Levels and vault maps discovered:
D:1:      eino_arrival_water_cross, layout_rooms
D:2:      layout_loops_ring, minmay_heptomino_w4, uniq_robin

Skill      XL: |  1  2 |
---------------+-------+-----
Long Blades    | 3 |  3.8
Fighting       | |  3.0
Dodging        | |  3.0
Shields        | |  3.0

Action                   || total
-------------------------++-------
Melee: Long sword        ||    67
       Constrict         ||    17
       Tentacles         ||    12
 Stab: Sleeping          ||     3
Armor: Skin              ||     7
Dodge: Dodged            ||    35
Block: Shield            ||    44
       Rpst.: Long sword ||     9

Table legend:
 A = Non-vault XP
 B = Vault XP
 C = Vault XP percentage of total XP
 D = Non-vault monster count
 E = Vault monster count
 F = Vault count percentage of total count
                 A         B        C        D         E       F
            +---------+---------+-------+---------+---------+-------
      Total |      55 |       6 |   9.8 |      29 |       3 |   9.4
            +---------+---------+-------+---------+---------+-------
        D:1 |      37 |       0 |   0.0 |      22 |       0 |   0.0
        D:2 |      18 |       6 |  25.0 |       7 |       3 |  30.0
            +---------+---------+-------+---------+---------+-------
